AoeStats
← Moron With A Gun

Fortress

507629711Analyzed
4v4 RM · 15d ago on Sep 19, 2026· 25m 24s· 8 players
Game mode
Random Map
Map size
Huge
Population
200
Speed
Normal
Resources
Standard
Victory
Conquest
Starting age
Dark Age
Ending age
Imperial Age
RankedLock teamsTeams togetherTeam positionsShared explorationLock speedFull tech treeHidden civsTurbo modeCheats
Victory
Defeat
🇨🇳 Ethiopians · China
1077
+13
🇺🇸 Wu · United States
1057
+13
🇪🇸 Georgians · Spain
1039
+14
🇲🇽 Turks · Mexico
1019
+15
🇹🇼 Goths · Taiwan
1033
-15
🇹🇼 Italians · Taiwan
1003
-14
🇹🇼 Saracens · Taiwan
987
-13
🇹🇼 Byzantines · Taiwan
976
-13
Catkiller
8:03 Feudal Age
11:47 Castle Age
9:45 Horse Collar
10:14 Double-Bit Axe
10:41 Gold Mining
13:24 Bow Saw
16:08 Wheelbarrow
17:22 Heavy Plow
19:46 Loom
20:45 Stone Mining
24:54 Hand Cart
Moron With A Gun
4:49 Loom
8:39 Feudal Age
12:44 Castle Age
11:28 Forging
11:18 Scale Mail Armor
11:19 Arson
13:43 Squires
18:05 Double-Bit Axe
20:57 Wheelbarrow
24:31 Bow Saw
25:52 Hand Cart
Maverick
1:29 Loom
7:53 Feudal Age
13:04 Castle Age
11:05 Horse Collar
11:42 Double-Bit Axe
14:13 Wheelbarrow
14:16 Heavy Plow
26:09 Hand Cart
HUOHUO
8:36 Feudal Age
12:38 Castle Age
10:48 Double-Bit Axe
11:06 Horse Collar
11:22 Gold Mining
13:58 Bow Saw
13:54 Scale Mail Armor
16:53 Wheelbarrow
19:33 Chain Mail Armor
20:29 Forging
23:48 Hand Cart
23:50 Loom
Kai bo
8:02 Feudal Age
8:13 Feudal Age
12:23 Castle Age
10:12 Double-Bit Axe
14:12 Bow Saw
13:45 Horse Collar
14:39 Heavy Plow
23:06 Wheelbarrow
22:17 Loom
23:13 Wheelbarrow
Hina Hayata
7:25 Feudal Age
8:35 Horse Collar
9:25 Double-Bit Axe
11:44 Castle Age
藍Blue Bean
7:40 Feudal Age
11:49 Castle Age
10:00 Double-Bit Axe
10:27 Horse Collar
14:29 Bow Saw
17:10 Wheelbarrow
18:48 Loom
21:00 Fletching
22:02 Scale Barding Armor
24:25 Chain Barding Armor
野外生存大師
8:39 Feudal Age
12:34 Castle Age
10:26 Double-Bit Axe
10:38 Horse Collar
13:21 Loom
14:17 Wheelbarrow
13:35 Gold Mining
13:54 Town Watch
15:18 Bow Saw
15:36 Heavy Plow
16:34 Fletching
18:05 Elite Skirmisher
18:48 Padded Archer Armor
23:22 Crossbowman
24:13 Thumb Ring
Connection lost

Rejoining the realm…

Still unreachable

The connection could not be restored.

Session expired

The server has moved on; the page needs a fresh start.